 Dungeon Crawl Stone Soup version 0.28-a0-479-g5baa6b73be (webtiles) character file.

Game seed: 11060557877199512479

406 Dabor the Ducker (level 6, -3/30 HPs)
             Began as a Spriggan Earth Elementalist on Sept 19, 2021.
             Was an Initiate of Vehumet.
             Killed by divine providence
             ... invoked by an orc priest
              (11 damage)
             ... on level 4 of the Dungeon.
             The game lasted 00:18:19 (5981 turns).

Dabor the Ducker (Spriggan Earth Elementalist)      Turns: 5981, Time: 00:18:19

Health: -3/30      AC:  2    Str:  4    XL:     6   Next: 56%
Magic:  13/13      EV: 18    Int: 19    God:    Vehumet [......]
Gold:   172        SH:  0    Dex: 15    Spells: 9/13 levels left

rFire   . . .      SeeInvis +   c - +0 short sword
rCold   . . .      Faith    .   (shield restricted)
rNeg    . . .      Spirit   .   b - +0 robe
rPois   .          Reflect  .   (helmet restricted)
rElec   .          Harm     .   (no cloak)
rCorr   .          Rampage  .   (gloves unavailable)
Will    +....                   (boots unavailable)
Stlth   +++.......              (no amulet)
HPRegen 0.10/turn               k - +4 ring of slaying
MPRegen 0.13/turn               (no ring)

@: very quick
A: very small, no large weapons, unfitting armour, see invisible, speed 3
a: Renounce Religion


You were on level 4 of the Dungeon.
You worshipped Vehumet.
Vehumet was noncommittal.
You visited 2 branches of the dungeon, and saw 5 of its levels.

You collected 172 gold pieces.

Inventory:

Hand Weapons
 c - a +0 short sword (weapon)
Missiles
 i - 25 stones
 j - 25 poisoned darts
Armour
 b - a +0 robe (worn)
Jewellery
 k - a +4 ring of slaying (left hand)
Scrolls
 d - a scroll of enchant armour {unknown}
 f - 3 scrolls of identify {unknown}
 g - 2 scrolls of noise
 l - a scroll of fog {unknown}
 n - a scroll of acquirement {unknown}
Potions
 a - 4 potions of degeneration {unknown}
 e - 2 potions of heal wounds {unknown}
 h - a potion of brilliance {unknown}
 m - a potion of ambrosia {unknown}
 o - 2 potions of might {unknown}


   Skills:
 + Level 1.3 Fighting
 + Level 4.6 Dodging
 + Level 4.5 Stealth
 + Level 4.2 Spellcasting
 * Level 1.5 Conjurations
 - Level 3.0 Transmutations
 * Level 3.9 Earth Magic


You had 9 spell levels left.
You knew the following spells:

 Your Spells              Type           Power      Damage    Failure   Level
a - Sandblast             Erth           38%        2d10      2%          1
b - Stone Arrow           Conj/Erth      28%        3d8       13%         3

Your spell library contained the following spells:

 Spells                   Type           Power      Damage    Failure   Level
 Passwall                 Tmut/Erth      14%        N/A       4%          2
 Freeze                   Ice            12%        1d4       14%         1
 Petrify                  Tmut/Erth      17%        N/A       32%         4
 Frozen Ramparts          Ice            6%         1d2       38%         3
 Summon Guardian Golem    Hex/Summ       3%         N/A       38%         3
 Hailstorm                Conj/Ice       6%         3d4       67%         4
 Orb of Destruction       Conj           4%         9d2       100%        7
 Spellforged Servitor     Conj/Summ      3%         N/A       100%        7


Dungeon Overview and Level Annotations

Branches:
Dungeon (4/15)             Temple (1/1) D:4

Altars:
Ashenzari
Cheibriados
Dithmenos
Elyvilon
Fedhas
Gozag
Hepliaklqana
Kikubaaqudgha
Makhleb
Nemelex Xobeh
Okawaru
Qazlal
Ru
Sif Muna
Trog
Uskayaw
Vehumet
Wu Jian
Xom
Yredelemnul
The Shining One


Innate Abilities, Weirdness & Mutations

You are very small and have problems with some larger weapons.
You are too small for most types of armour.
You have supernaturally acute eyesight. (SInv)
You cover ground extremely quickly. (Speed+++)


Message History

The orc priest is lightly wounded.
The orc priest closely misses you. The orc misses you.
Things that are here:
a +0 short sword; a +0 leather armour; an orc corpse You closely miss the orc.
The orc closely misses you. The orc priest hits you with a +0 mace.
You hit the orc.
The orc is heavily wounded.
The orc priest hits you with a +0 mace. The orc hits you with a +0 dagger.
You hit the orc.
You kill the orc!
Vehumet accepts your kill. The orc priest barely misses you.
You see here a +0 dagger.
You hit the orc priest but do no damage.
The orc priest is lightly wounded.
The orc priest mumbles some strange prayers to Beogh against you.
You resist with significant effort.
You hit the orc priest.
The orc priest is moderately wounded.
The orc priest invokes the aid of Beogh against you.
Pain shoots through your body!
You hit the orc priest but do no damage.
The orc priest is moderately wounded.
The orc priest misses you.
You hit the orc priest.
The orc priest is severely wounded.
The orc priest barely misses you.
You hit the orc priest but do no damage.
The orc priest is severely wounded.
The orc priest closely misses you.
You hit the orc priest.
The orc priest is severely wounded.
The orc priest hits you with a +0 mace!
* * * LOW HITPOINT WARNING * * *
You hit the orc priest.
The orc priest is almost dead.
The orc priest mumbles some strange prayers to Beogh against you.
Beogh smites you!
You die...

#...#........#
#...#........#############
#..>'.......)'..........).
#...#........#############
#...###'###### ###. #.# #.
#.# #.###.#########
#....)o@.......
#####.######### #.# #..
#?. #... .... .....


You could see an orc priest.

Vanquished Creatures
  An orc priest (D:4)
  A bullfrog skeleton (D:2)
  Jessica (D:2)
  Natasha (thrice) (D:2)
  An iguana (D:4)
  An orc wizard (D:4)
  A hound skeleton (D:2)
  Robin (D:2)
  6 adders
  2 dart slugs
  5 worms (D:2)
  8 orcs
  12 ball pythons
  6 endoplasms
  A giant cockroach (D:3)
  17 goblins
  9 hobgoblins
  7 kobolds
  A quokka (D:1)
  3 bats
  5 frilled lizards
  14 rats
106 creatures vanquished.

Vanquished Creatures (others)
  28 plants (D:2)
28 creatures vanquished.

Grand Total: 134 creatures vanquished

Notes
Turn   | Place    | Note
-------+----------+-------------------------------------------
     0 | D:1      | Dabor the Spriggan Earth Elementalist began the quest for
                  | the Orb.
     0 | D:1      | Reached XP level 1. HP: 9/9 MP: 5/5
    88 | D:1      | Reached XP level 2. HP: 13/13 MP: 1/6
   639 | D:1      | Reached XP level 3. HP: 16/16 MP: 5/8
   727 | D:1      | Learned a level 3 spell: Stone Arrow
  2387 | D:2      | Noticed Robin
  2451 | D:2      | Reached XP level 4. HP: 21/21 MP: 0/9
  2486 | D:2      | Noticed Natasha
  2496 | D:2      | Killed Natasha
  2753 | D:2      | Killed Robin
  2753 | D:2      | Noticed Natasha
  2754 | D:2      | Reached XP level 5. HP: 25/25 MP: 6/11
  2760 | D:2      | Killed Natasha
  2761 | D:2      | Reached skill level 1 in Conjurations
  2779 | D:2      | Noticed Natasha
  2786 | D:2      | Killed Natasha
  3228 | D:2      | Reached skill level 1 in Fighting
  3401 | D:2      | Found a shadowy altar of Dithmenos.
  3490 | D:2      | Noticed Jessica
  3494 | D:2      | Killed Jessica
  4093 | D:3      | Found a faded altar of an unknown god.
  4108 | D:3      | Reached XP level 6. HP: 30/30 MP: 7/13
  5183 | D:4      | Found a staircase to the Ecumenical Temple.
  5196 | Temple   | Entered the Ecumenical Temple
  5551 | Temple   | Became a worshipper of Vehumet
  5981 | D:4      | Killed from afar by an orc priest

Illustrated notes

Levels and vault maps discovered:
D:1:      onia_arrival_handbag, layout_basic
D:2:      layout_loops_corners, basic_altar, serial_bayou_lagoon_b,
          uniq_jessica, uniq_natasha, uniq_robin
D:3:      layout_loops_corners, hellmonk_ecumenical_altar_arch_garden,
          small_statue_intersection, minmay_cut_off
D:4:      layout_basic, minmay_temple_entry_proselytizer
Temple:   roderic_octagonal_lattice_temple

Skill      XL: |  1  2  3  4  5 |
---------------+----------------+-----
Dodging        | 3 4 |  4.6
Spellcasting   | 3 4 |  4.2
Transmutations | 2 3 |  3.0
Earth Magic    | 3 |  3.9
Conjurations   | 1 |  1.5
Stealth        | 4 |  4.5
Fighting       | 1 |  1.3

Action                   |  1- 3 |  4- 6 || total
-------------------------+-------+-------++-------
Melee: Short sword       |    20 |   106 ||   126
       Unarmed           |     8 |       ||     8
 Cast: Sandblast         |    34 |    16 ||    50
       Stone Arrow       |    22 |    27 ||    49
  Use: Scroll            |     1 |       ||     1
 Stab: Sleeping          |       |     3 ||     3
Armor: Robe              |     2 |     7 ||     9
Dodge: Dodged            |    40 |    78 ||   118

Table legend: (Time is in decaauts)
 A = Elapsed time spent in this place.
 B = Non-inter-level travel time spent in this place.
 C = Inter-level travel time spent in this place.
 D = Time resting spent in this place.
 E = Time spent auto-exploring this place.
 F = Levels seen in this place.
 G = Mean time per level.
                   A        B        C        D        E       F      G
               +--------+--------+--------+--------+--------+-----+--------+
         Total |   4686 |   4552 |    134 |    771 |   2726 |   5 |  937.2 |
       Dungeon |   4439 |   4329 |    110 |    771 |   2521 |   4 | 1109.8 |
        Temple |    246 |    223 |     23 |      0 |    204 |   1 |  246.0 |
               +--------+--------+--------+--------+--------+-----+--------+

Top non-repeatable levels by time:
     D:2: 1970 daAuts
     D:1: 1084 daAuts
     D:3: 1022 daAuts
     D:4: 362 daAuts
  Temple: 246 daAuts
